 Dungeon Crawl Stone Soup version 0.30.1-4-g462c640d31 (webtiles) character file.

Game seed: 14135748732933532152

782 growler the Insei (level 7, -2/43 HPs)
             Began as an Octopode Transmuter on Sept 1, 2023.
             Slain by a bullfrog (7 damage)
             ... in a sewer.
             The game lasted 00:17:56 (4275 turns).

growler the Insei (Octopode Transmuter)             Turns: 4275, Time: 00:17:57

Health: -2/43      AC:  5    Str:  9    XL:     7   Next: 86%
Magic:  8/11       EV: 10    Int: 18    God:
Gold:   191        SH:  0    Dex: 12    Spells: 2/12 levels left

rFire   . .          .
                       - Unarmed
rCold   . . .        (no shield)
rNeg    . . .        (helmet restricted)
rPois   .            (no amulet)
rElec   .            j - +4 ring of protection
rCorr   .            t - +4 ring of slaying
SInv    .            (no ring)
Will    .....        (no ring)
Stlth   +++          (no ring)
HPRegen 0.27/turn    (no ring)
MPRegen 0.12/turn    (no ring)
                     (no ring)

%: no passive effects
@: mighty, lethally poisoned (-2 -> -5), wereblooded, very slightly
contaminated, constricted, invisible
A: almost no armour, amphibious, 8 rings, camouflage 1, gelatinous body 1,
nimble swimmer 1, tentacles
a: no special abilities


You were in a sewer.
You visited 1 branch of the dungeon, and saw 5 of its levels.
You also visited: Sewer.

You collected 191 gold pieces.

Inventory:

Jewellery
 j - a +4 ring of protection (left tentacle)
 t - a +4 ring of slaying (right tentacle)
Wands
 h - a wand of flame (68)
 w - a wand of polymorph (3)
Scrolls
 b - 2 scrolls of teleportation
 c - a scroll of fear {unknown}
 d - a scroll of torment {unknown}
 i - a scroll of silence
 l - a scroll of fog {unknown}
 n - a scroll of magic mapping
 o - 3 scrolls of blinking {unknown}
 p - a scroll of enchant armour
 s - a scroll of immolation {unknown}
 v - a scroll of enchant weapon {unknown}
 x - 2 scrolls of identify
Potions
 a - 2 potions of lignification
 f - 7 potions of curing {unknown}
 g - 3 potions of brilliance {unknown}
 k - 2 potions of magic {unknown}
 m - a potion of berserk rage
 q - 2 potions of might
 r - a potion of attraction {unknown}
 u - a potion of flight


   Skills:
 - Level 1.0 Fighting
 - Level 2.0 Dodging
 + Level 6.3 Unarmed Combat
 - Level 3.0 Spellcasting
 + Level 5.8 Transmutations
 - Level 2.0 Poison Magic


You had 2 spell levels left.
You knew the following spells:

 Your Spells              Type           Power      Damage    Failure   Level
a - Beastly Appendage     Tmut           46%        N/A       1%          1
b - Wereblood             Tmut           23%        N/A       2%          2
c - Spider Form           Tmut/Pois      16%        N/A       10%         3
d - Ice Form              Ice/Tmut       13%        N/A       43%         4

Your spell library contained the following spells:

 Spells                   Type           Power      Damage    Failure   Level
 Summon Small Mammal      Summ           8%         N/A       16%         1
 Call Canine Familiar     Summ           2%         N/A       43%         3
 Summon Guardian Golem    Hex/Summ       2%         N/A       43%         3


Dungeon Overview and Level Annotations

Branches:
Dungeon (5/15)              Sewer (1/1)
 Temple: D:4-7

Altars:
Kikubaaqudgha
Sif Muna
Trog


Innate Abilities, Weirdness & Mutations

You cannot wear most types of armour.
You are amphibious.
You can wear up to eight rings at the same time.
Your skin changes colour to match your surroundings (Stealth+).
Your rubbery body absorbs attacks. (AC +1, EV +1)
You are camouflaged when in or above water. (Stealth+)
You have tentacles for arms and can constrict up to eight enemies at once.


Message History

The adder barely misses you. The bullfrog hits you. x2
The adder closely misses you.
You feel very mighty all of a sudden.
You constrict the adder.
You feel sick. The bullfrog hits you. The adder misses you.
The bullfrog closely misses you. The adder bites you but does no damage.
The bullfrog barely misses you. The adder barely misses you.
The bullfrog closely misses you.
You barely miss the adder.
The adder is moderately wounded.
You constrict the adder.
You feel sick.
You are no longer poisoned.
The adder bites you but does no damage. The bullfrog misses you.
The adder bites you. The bullfrog hits you.
You bludgeon the adder!
You feel a bit better.
You kill the adder!
The adder closely misses you.
The bullfrog snags a nearby mouse with its tongue.
The bullfrog misses you. The bullfrog closely misses you. The adder misses you.
You closely miss the adder.
The ball python hisses angrily.
Your grab misses the adder. Your squeeze misses the adder.
You howl as the wereblood boils in your veins!
You hear an angry hiss.
The bullfrog hits you! The bullfrog barely misses you.
The ball python bites you but does no damage.
The ball python grabs you. The ball python constricts you.
The bullfrog barely misses you.
The ball python bites you but does no damage.
The adder bites you.
* * * LOW HITPOINT WARNING * * *
You are poisoned.
The adder poisons you! The bullfrog hits you.
* * * LOW HITPOINT WARNING * * *
Unknown command.
Okay, then.
You fade into invisibility!
* * * LOW HITPOINT WARNING * * *
You feel sick. The ball python misses you. The ball python constricts you.
The bullfrog hits you!
You die...

###################
###..≈≈≈≈≈FF≈≈≈≈≈≈≈≈#
##...~≈≈≈≈≈@SS.~≈≈≈≈≈~.S.
#.....≈≈≈~~SS≈≈#~~≈≈~...F
#....~~~~~≈≈≈≈≈≈≈~~~≈~.S.
##....~≈≈≈≈≈≈≈≈≈≈S≈≈≈≈..SS
#.....#≈≈≈≈≈≈≈≈≈≈≈≈≈≈≈#..S
#†...####################+
##..†#### #....#..#
#....'!.#


You could see 2 bullfrogs, an adder and 4 ball pythons.

Vanquished Creatures
  Menkaure (D:4)
  A black bear (D:4)
  Blork the orc (D:4)
  A scorpion (D:4)
  2 hounds
  2 iguanas
  2 orc wizards (D:4)
  12 adders
  6 river rats (Sewer)
  2 worms
  A dart slug (D:5)
  4 orcs (D:4)
  6 endoplasms
  4 giant cockroaches (D:5)
  8 goblins
  9 hobgoblins
  2 jackals (D:1)
  6 quokkas
  17 ball pythons
  3 bats
  3 frilled lizards
  8 kobolds
  33 rats
134 creatures vanquished.

Notes
Turn   | Place    | Note
-------+----------+-------------------------------------------
     0 | D:1      | growler the Octopode Transmuter began the quest for the
                  | Orb.
     0 | D:1      | Reached XP level 1. HP: 13/13 MP: 3/3
   159 | D:1      | Reached XP level 2. HP: 16/18 MP: 3/5
   162 | D:1      | Learned a level 2 spell: Wereblood
   903 | D:2      | Reached XP level 3. HP: 23/23 MP: 6/6
   907 | D:2      | Learned a level 3 spell: Spider Form
  1110 | D:2      | Reached skill level 1 in Poison Magic
  1165 | D:2      | Reached XP level 4. HP: 26/28 MP: 6/8
  1443 | D:2      | Found a faded altar of an unknown god.
  1939 | D:3      | Reached XP level 5. HP: 20/33 MP: 9/9
  1940 | D:3      | Reached skill level 4 in Unarmed Combat
  1997 | D:3      | Found a bloodstained altar of Trog.
  2469 | D:3      | Learned a level 4 spell: Ice Form
  2623 | D:4      | Noticed a black bear
  2638 | D:4      | Killed a black bear
  2639 | D:4      | Reached XP level 6. HP: 17/38 MP: 7/10
  2801 | D:4      | Reached skill level 5 in Unarmed Combat
  2826 | D:4      | Reached XP level 7. HP: 43/43 MP: 6/11
  2886 | D:4      | Noticed Menkaure
  2902 | D:4      | Killed Menkaure
  2903 | D:4      | Reached skill level 5 in Transmutations
  3302 | D:4      | Noticed Blork the orc
  3490 | D:4      | Found a shimmering blue altar of Sif Muna.
  3494 | D:4      | Killed Blork the orc
  3584 | D:5      | Entered Level 5 of the Dungeon
  3613 | D:5      | Found an ancient bone altar of Kikubaaqudgha.
  3642 | D:5      | Reached skill level 6 in Unarmed Combat
  3651 | D:5      | Found a glowing drain.
  3663 | Sewer    | Entered a sewer
  4275 | Sewer    | Slain by a bullfrog

Illustrated notes

Levels and vault maps discovered:
D:1:      dpeg_arrival_renting, layout_basic
D:2:      layout_basic, shapermc_ecumenical_altar_mp_highgroup,
          minmay_snake_closets
D:3:      minmay_door_path, layout_basic, mainiacjoe_overflow_catwalk
D:4:      layout_cave_pools, tgw_sif, uniq_blork_the_orc, uniq_menkaure
D:5:      layout_basic, lemuel_doored_altar, kennysheep_mini,
          portal_sewer_entry_f, serial_shops, shop
Sewer:    sewer_minmay_w

Skill      XL: |  1  2  3  4  5  6  7 |
---------------+----------------------+-----
Poison Magic   | 1 2 |  2.0
Transmutations | 3 4 5 |  5.8
Spellcasting   | 3 |  3.0
Unarmed Combat | 4 5 6 |  6.3
Fighting       | |  1.0
Dodging        | |  2.0

Action                     |  1- 3 |  4- 6 |  7- 9 || total
---------------------------+-------+-------+-------++-------
  Melee: Unarmed           |    61 |   112 |   110 ||   283
         Constrict         |    17 |    20 |    24 ||    61
         Tentacles         |    14 |    16 |    14 ||    44
         Kick              |    13 |    24 |     8 ||    45
         Punch             |     4 |       |     3 ||     7
   Cast: Beastly Appendage |    14 |    21 |     5 ||    40
         Spider Form       |       |     2 |     2 ||     4
         Wereblood         |       |     1 |     2 ||     3
         Ice Form          |       |       |     3 ||     3
    Use: Scroll            |       |     8 |     1 ||     9
         Potion            |       |       |     2 ||     2
   Stab: Sleeping          |     8 |     6 |     4 ||    18
 Armour: Skin              |     8 |    22 |    32 ||    62
  Dodge: Dodged            |    38 |    70 |    80 ||   188
